 Seeded DCSS version 0.30.1-9-gdf580d7c3d (webtiles) character file.

Game seed: 7582975927592 (custom seed)

12505 lonewolfV2 the Blocker (level 12, 0/95 HPs)
             Began as a Formicid Fighter on Sept 27, 2023.
             Slain by a six-headed hydra (9 damage)
             ... on level 5 of the Lair of Beasts.
             The game lasted 00:23:13 (13451 turns).

lonewolfV2 the Blocker (Formicid Fighter)          Turns: 13451, Time: 00:23:14

Health: 0/95       AC: 10    Str: 30    XL:     12   Next: 21%
Magic:  12/12      EV: 12    Int: 12    God:
Gold:   765        SH: 23    Dex: 15    Spells: 11/11 levels left

rFire   + + .        h - +3 war axe (heavy)
rCold   + . .        I - +0 tower shield
rNeg    . . .        p - +3 ring mail {rPois}
rPois   +            (helmet unavailable)
rElec   .            D - scarf {rC+ rF+}
rCorr   .            (no gloves)
SInv    +            (no boots)
Will    +....        y - amulet of reflection
Stlth   ++           A - +6 ring of strength
HPRegen 0.35/turn    s - ring of Fragile Peace {Wiz *Corrode rF+ Int+4}
MPRegen 0.13/turn

%: corrode self (3%), reflection, wizardry (x1)
@: studying Shields
A: permanent stasis, dig shafts and tunnels, antennae 3, four strong arms
a: Dig, Shaft Self


You were on level 5 of the Lair of Beasts.
You visited 3 branches of the dungeon, and saw 14 of its levels.
You also visited: Sewer and Ice Cave.

You collected 765 gold pieces.

Inventory:

Hand Weapons
 a - a +0 war axe
 h - a +3 heavy war axe (weapon)
Missiles
 l - 2 throwing nets
Armour
 b - a +0 scale mail
 c - a +0 buckler
 p - a +3 ring mail of poison resistance (worn)
 D - a scarf of resistance (worn)
 I - a +0 tower shield (worn)
Jewellery
 s - the ring of Fragile Peace (right hand) {Wiz *Corrode rF+ Int+4}
   (You found it on level 8 of the Dungeon)

   [ring of wizardry]

   It improves your spell success rate.
   Int:       It affects your intelligence (+4).
   rF:        It protects you from fire.
   *Corrode:  It may corrode you when you take damage.
 y - an amulet of reflection (around neck)
 A - a +6 ring of strength (left hand)
 K - a ring of poison resistance
 L - a ring of wizardry
 N - a +6 ring of intelligence
Wands
 m - a wand of paralysis (8)
 u - a wand of mindburst (16)
 w - a wand of flame (28)
 z - a wand of iceblast (2)
 M - a wand of polymorph (5)
Scrolls
 g - 2 scrolls of amnesia
 j - 2 scrolls of silence
 n - 2 scrolls of butterflies
 C - a scroll of fog
 E - a scroll of enchant weapon
 F - 2 scrolls of magic mapping
 G - 3 scrolls of identify
 H - a scroll of brand weapon
Potions
 d - 5 potions of might
 e - 2 potions of resistance
 f - 2 potions of lignification
 i - 3 potions of curing
 k - a potion of mutation
 o - 3 potions of brilliance
 q - 4 potions of haste
 r - a potion of invisibility
 t - a potion of ambrosia
 v - 2 potions of degeneration
 x - 3 potions of attraction
 B - 3 potions of flight
Miscellaneous
 J - a condenser vane (inert)
 O - a box of beasts (inert) (quivered)


   Skills:
 + Level 9.1 Fighting
 + Level 11.9 Axes
 + Level 8.9 Armour
 + Level 4.9 Dodging
 + Level 4.0 Stealth
 + Level 14.0 Shields
 + Level 0.3 Evocations


You had 11 spell levels left.
You didn't know any spells.
Your spell library contained the following spells:

 Spells                   Type           Power      Damage    Failure   Level
 Apportation              Tloc           0%         N/A       36%         1
 Freeze                   Ice            0%         1d3       36%         1
 Magic Dart               Conj           0%         1d3       36%         1
 Necrotise                Necr           0%         1d4       36%         1
 Slow                     Hex            0%         N/A       36%         1
 Summon Small Mammal      Summ           0%         N/A       36%         1
 Call Imp                 Summ           0%         N/A       50%         2
 Lesser Beckoning         Tloc           0%         N/A       50%         2
 Momentum Strike          Conj/Tloc      0%         3d8       50%         2
 Searing Ray              Conj           0%         2d4       50%         2
 Confusing Touch          Hex            0%         N/A       71%         3
 Frozen Ramparts          Ice            0%         1d1       71%         3
 Hailstorm                Conj/Ice       0%         3d3       71%         3
 Inner Flame              Hex/Fire       0%         N/A       71%         3
 Mephitic Cloud           Conj/Pois/Air  0%         N/A       71%         3
 Vampiric Draining        Necr           0%         2d6       71%         3
 Volatile Blastmotes      Fire/Tloc      0%         2d10      71%         3
 Fulminant Prism          Conj/Hex       0%         3d5       98%         4
 Iskenderun's Mystic Bla  Conj/Tloc      0%         2d3       98%         4
 Arcjolt                  Conj/Air       0%         1d10      100%        5
 Iskenderun's Battlesphe  Conj           0%         2d6       100%        5
 Lee's Rapid Deconstruct  Erth           0%         3d4*      100%        5
 Yara's Violent Unravell  Hex/Tmut       0%         3d3       100%        5
 Iron Shot                Conj/Erth      0%         9d1       100%        6
 Plasma Beam              Fire/Air       0%         2x1d11    100%        6
 Enfeeble                 Hex            0%         N/A       100%        7
 Spellforged Servitor     Conj/Summ      0%         N/A       100%        7
 Blink                    Tloc           Unusable   N/A       N/A         2
 Vhi's Electric Charge    Tloc/Air       Unusable   N/A       N/A         3

Dungeon Overview and Level Annotations

Branches:
Dungeon (9/15)             Temple (1/1) D:5            Lair (3/5) D:9
 Spider (0/4) Lair:2        Sewer (visited)           IceCv (visited)
  Swamp: Lair:2-3    Shoals: Lair:2-3       Orc: D:9-12

Altars:
Ashenzari
Cheibriados
Dithmenos
Elyvilon
Fedhas
Gozag
Hepliaklqana
Kikubaaqudgha
Makhleb
Nemelex Xobeh
Okawaru
Qazlal
Ru
Sif Muna
Trog
Uskayaw
Vehumet
Wu Jian
Xom
Yredelemnul
Zin
The Shining One

Shops:
D:5 (


Innate Abilities, Weirdness & Mutations

You cannot be hasted, slowed, berserked, paralysed or teleported.
You can dig through walls and to a lower floor.
You have a pair of large antennae on your head. (SInv)
Your four strong arms can wield two-handed weapons with a shield.


Message History

The six-headed hydra barely misses you.
The six-headed hydra bites you. 2 dream sheep come into view.
The dream sheep bleats! x2
A dream sheep comes into view. x2
You hear a bleat!
You feel better.
The dream sheep bleats!
The six-headed hydra bites you!
You block the six-headed hydra's attack. x3
The six-headed hydra bites you!
* * * LOW HITPOINT WARNING * * *
You block the six-headed hydra's attack.
You are confused.
You feel invigorated. The six-headed hydra bites you!
* * * LOW HITPOINT WARNING * * *
The six-headed hydra bites you!
* * * LOW HITPOINT WARNING * * *
The six-headed hydra bites you.
* * * LOW HITPOINT WARNING * * *
The six-headed hydra bites you but does no damage.
The six-headed hydra closely misses you.
The six-headed hydra misses you.
A dream sheep comes into view.
The dream sheep are wreathed in dream dust.
You feel drowsy...
You fall asleep.
You wake up.
You feel better.
You feel less invigorated.
You block the six-headed hydra's attack. x2
The six-headed hydra bites you!
* * * LOW HITPOINT WARNING * * *
The six-headed hydra bites you but does no damage.
You block the six-headed hydra's attack.
The six-headed hydra bites you.
* * * LOW HITPOINT WARNING * * *
You feel better.
You block the six-headed hydra's attack. x4
The six-headed hydra bites you.
* * * LOW HITPOINT WARNING * * *
The six-headed hydra bites you!
You die...

... .. YY ## ...
..{##P#### ...#
#Y#....... ..#.#
#Y....)...
...$.##........P
#....P.#......#
.......P@.#
#..P...D.#
##......##
###...## ##....#
#.....# #.......
.##.....# ##
##...#


You could see a six-headed hydra and 4 dream sheep.

Vanquished Creatures
  A skyshark (Lair:3)
  4 elephants (Lair:2)
  4 cane toads
  A black mamba (Lair:1)
  A gargoyle (D:6)
  3 komodo dragons
  A culicivora (Lair:2)
  A jumping spider (Lair:2)
  2 wraiths (D:9)
  2 wyverns
  12 yaks
  A basilisk (Lair:3)
  2 steam dragons
  Menkaure (D:5)
  An acid dragon (D:8)
  A sky beast (D:7)
  7 water moccasins
  2 ice beasts
  2 orc warriors
  An ogre (D:6)
  2 black bears
  3 wolves (Lair:2)
  3 centaurs (D:7)
  A phantom (D:2)
  4 kobold brigands
  Blork the orc (D:6)
  7 bullfrogs
  6 scorpions
  9 wights
  3 killer bees (D:9)
  4 electric eels
  A howler monkey (D:5)
  5 hounds
  2 jellies
  4 orc priests
  2 iguanas
  4 orc wizards
  Robin (D:4)
  4 gnolls (D:8)
  2 river rats (Sewer)
  17 adders
  3 white imps
  4 worms
  A dart slug (D:2)
  31 orcs
  12 endoplasms
  A giant cockroach (D:4)
  12 goblins
  11 hobgoblins
  7 jackals
  20 kobolds
  5 quokkas
  8 ball pythons
  A bat (D:1)
  4 frilled lizards
  13 rats
268 creatures vanquished.

Notes
Turn   | Place    | Note
-------+----------+-------------------------------------------
     0 | D:1      | lonewolfV2 the Formicid Fighter began the quest for the
                  | Orb.
     0 | D:1      | Reached XP level 1. HP: 18/18 MP: 1/1
   272 | D:1      | Reached XP level 2. HP: 12/24 MP: 2/2
   717 | D:2      | Reached XP level 3. HP: 30/30 MP: 3/3
   720 | D:2      | Noticed a phantom
   735 | D:2      | Killed a phantom
   736 | D:2      | Reached XP level 4. HP: 31/37 MP: 4/4
   781 | D:2      | Reached skill level 5 in Shields
   781 | D:2      | Reached XP level 5. HP: 35/42 MP: 5/5
  1629 | D:3      | Found a faded altar of an unknown god.
  1856 | D:3      | Identified the +1 robe "Liniakowk" {Dex+6}
  1883 | D:3      | Noticed a black bear
  1890 | D:3      | Killed a black bear
  1891 | D:3      | Reached XP level 6. HP: 42/48 MP: 6/6
  1912 | D:3      | Found a white marble altar of Elyvilon.
  1948 | D:3      | Found a glowing drain.
  1978 | Sewer    | Entered a sewer
  2134 | Sewer    | Reached skill level 1 in Dodging
  2279 | Sewer    | Reached XP level 7. HP: 40/55 MP: 7/7
  2853 | Sewer    | Reached skill level 5 in Axes
  3387 | D:4      | Reached skill level 5 in Armour
  3600 | D:4      | Noticed Robin
  3607 | D:4      | Killed Robin
  4251 | D:4      | Reached XP level 8. HP: 61/61 MP: 8/8
  4359 | D:5      | Entered Level 5 of the Dungeon
  4427 | D:5      | Found a staircase to the Ecumenical Temple.
  4432 | Temple   | Entered the Ecumenical Temple
  4611 | D:5      | Found Gedi's Weapon Shoppe.
  4623 | D:5      | Noticed Menkaure
  4627 | D:5      | Killed Menkaure
  4628 | D:5      | Reached skill level 5 in Fighting
  4628 | D:5      | Reached skill level 6 in Shields
  5017 | D:5      | Identified the +3 sling "Ogrebane" {antimagic, Contam rElec
                  | rCorr Int+2}
  5511 | D:6      | Noticed a gargoyle
  5517 | D:6      | Killed a gargoyle
  5518 | D:6      | Reached skill level 1 in Stealth
  5518 | D:6      | Reached XP level 9. HP: 66/68 MP: 9/9
  6441 | D:6      | Noticed Blork the orc
  6452 | D:6      | Killed Blork the orc
  6631 | D:7      | Reached skill level 7 in Shields
  7248 | D:7      | Reached XP level 10. HP: 77/77 MP: 10/10
  7786 | D:7      | Reached skill level 8 in Shields
  7869 | D:7      | Found a hide-covered altar of Uskayaw.
  7871 | D:7      | Found a hazy altar of Hepliaklqana.
  7873 | D:7      | Found an opulent altar of Gozag.
  8176 | D:8      | Identified the ring of Fragile Peace {Wiz *Corrode rF+
                  | Int+4}
  9496 | D:9      | Reached skill level 9 in Shields
  9680 | D:9      | Noticed a komodo dragon
  9686 | D:9      | Killed a komodo dragon
  9687 | D:9      | Reached skill level 10 in Axes
  9713 | D:9      | Found a staircase to the Lair.
 10042 | D:9      | Reached skill level 10 in Shields
 10400 | Lair:1   | Entered Level 1 of the Lair of Beasts
 10464 | Lair:1   | Reached XP level 11. HP: 83/84 MP: 11/11
 10531 | Lair:1   | Found a frozen archway.
 10561 | IceCv    | Entered an ice cave
 10669 | Lair:1   | Reached skill level 11 in Shields
 12018 | Lair:2   | Reached skill level 12 in Shields
 12095 | Lair:2   | Noticed an elephant
 12099 | Lair:2   | Noticed an elephant
 12105 | Lair:2   | Killed an elephant
 12106 | Lair:2   | Killed an elephant
 12143 | Lair:2   | Noticed an elephant
 12175 | Lair:2   | Noticed an elephant
 12184 | Lair:2   | Killed an elephant
 12186 | Lair:2   | Killed an elephant
 12187 | Lair:2   | Reached skill level 13 in Shields
 12192 | Lair:2   | Reached XP level 12. HP: 37/94 MP: 12/12
 12796 | Lair:2   | Found a hole to the Spider Nest.
 13383 | Lair:3   | Noticed a skyshark
 13391 | Lair:3   | Killed a skyshark
 13392 | Lair:3   | Reached skill level 14 in Shields
 13432 | Lair:3   | Noticed a five-headed hydra
 13443 | Lair:3   | You fall into a shaft and drop 2 floors!
 13443 | Lair:5   | Entered Level 5 of the Lair of Beasts
 13443 | Lair:5   | Noticed a six-headed hydra
 13449 | Lair:5   | HP: 3/95 [six-headed hydra (2)]
 13451 | Lair:5   | Slain by a six-headed hydra

Illustrated notes

Levels and vault maps discovered:
D:1:      lightli_iron_boxes, layout_basic
D:2:      layout_rooms, kennysheep_donut, minmay_pentomino_x4
D:3:      layout_rooms, elyvilon_altar_3, shapermc_ecumenical_altar_gd,
          cheibrodos_sewer_entry_bend
D:4:      layout_basic, uniq_robin
D:5:      wander_river, layout_basic, temple_doors_cd, serial_shops,
          nicolae_shop_tiny_waterfront, minmay_door_square, minmay_manual_maat,
          uniq_menkaure
D:6:      layout_gridville, uniq_blork_the_orc
D:7:      layout_loops_ring, nicolae_overflow_hidden_temple
D:8:      layout_basic
D:9:      layout_gridville, david_lair_shrubbed, serial_bayou_lake_a
Temple:   mainiacjoe_temple_coin_purse
Lair:1:   layout_cellular_growth, portal_ice_cave_entry_pillars_2
Lair:2:   layout_cellular_growth, spider_nest_entry_funnel_web,
          grunt_megastairs_5, serial_bayou_shore_a
Lair:3:   layout_cave_pods, minmay_swamp_entry_worms, st_stairs_10,
          grunt_megastairs_1
Lair:5:   cheibrodos_lair_end_hotspot, layout_concentric_octagons,
          minmay_slime_entry_oklob_enclosed, uniq_kirke

Skill      XL: |  1  2  3  4  5  6  7  8  9 10 11 12 |
---------------+-------------------------------------+-----
Fighting       | 4 5 6 7 8 9 |  9.1
Shields        | 5 6 7 10 13 14 | 14.0
Axes           | 4 5 7 8 10 11 | 11.9
Armour         | 4 5 6 7 8 |  8.9
Dodging        | 1 2 3 4 |  4.9
Stealth        | 1 2 3 4 |  4.0
Evocations     | |  0.3

Action                     |  1- 3 |  4- 6 |  7- 9 | 10-12 || total
---------------------------+-------+-------+-------+-------++-------
  Melee: War axe           |    65 |   116 |   233 |   237 ||   651
Ability: Shaft Self        |       |       |       |     1 ||     1
  Evoke: Condenser vane    |       |       |       |     2 ||     2
         Box of beasts     |       |       |       |     1 ||     1
    Use: Scroll            |     2 |     4 |    13 |     8 ||    27
         Potion            |       |       |       |    10 ||    10
   Stab: Confused          |       |       |       |     1 ||     1
         Distracted        |       |       |       |     1 ||     1
         Sleeping          |       |       |       |     1 ||     1
 Armour: Scale mail        |    34 |    84 |    49 |       ||   167
         Ring mail         |       |       |    68 |    59 ||   127
  Dodge: Dodged            |    32 |    70 |   136 |   115 ||   353
  Block: Buckler           |    22 |    47 |    94 |    48 ||   211
         Tower shield      |       |       |       |   260 ||   260
         Reflection        |       |       |       |     1 ||     1
